[Event "Team 45 45 League T59"]
[Site "Internet Chess Club"]
[Date "2013.12.15"]
[Round "4"]
[White "jt2000"]
[Black "Agarnez"]
[Result "0-1"]
[WhiteElo "1978"]
[BlackElo "1923"]
[Opening "French: Chigorin variation"]
[ECO "C00"]
[Time "23:25:39"]
[TimeControl "2700+45"]

1. e4 e6 2. Qe2 Nc6 3. Nf3 e5 4. g3 Nf6 5. Bg2 Bc5 6. O-O d6 7. Nc3 Bg4 8. h3
Nd4 9. Qd3 Nxf3+ 10. Bxf3 Bxh3 11. Bg2 Qd7 12. Nd5 Nxd5 13. Qxd5 Qg4 14. Kh2
Bxg2 15. Kxg2 c6 16. Qd3 O-O 17. f3 Qg6 18. Qe2 f5 19. d3 f4 20. Qe1 Rf6 21. Rh1
fxg3 22. Qxg3 Qxg3+ 23. Kxg3 Rg6+ 24. Kh3 Bf2 25. f4 exf4 26. Bxf4 Rf8 27. Bd2
Rf3+ 28. Kh2 Bg3+ 29. Kg2 Rf2+ {White resigns} 0-1

[Event "Team 45 45 League T59"]
[Site "Internet Chess Club"]
[Date "2013.12.14"]
[Round "4"]
[White "WillC"]
[Black "sharky123"]
[Result "0-1"]
[WhiteElo "1622"]
[BlackElo "1762"]
[Opening "Réti: Nimzovich-Larsen attack"]
[ECO "A06"]
[Time "18:00:45"]
[TimeControl "2700+45"]

1. Nf3 d5 2. b3 Nc6 3. Bb2 Bf5 4. e3 a6 5. Be2 e6 6. d4 Nf6 7. O-O Nb4 8. Na3
Bd6 9. c3 Nc6 10. Rc1 Qe7 11. Nc2 O-O 12. c4 dxc4 13. Bxc4 Rfd8 14. Qe2 Ne4 15.
Rfd1 Qf6 16. Nce1 Nb4 17. a3 Na2 18. Rc2 b5 19. Bd3 b4 20. d5 Nac3 21. Qf1 bxa3
22. Ba1 Bb4 23. dxe6 Qxe6 24. Bc4 Rxd1 25. Bxe6 Bxe6 26. Bxc3 Nxc3 27. Rxc3 Bxc3
28. Qe2 Bxb3 29. Nd4 {White resigns} 0-1

[Event "Team 45 45 League T59"]
[Site "Internet Chess Club"]
[Date "2013.12.15"]
[Round "4"]
[White "Warpdrive"]
[Black "Innes"]
[Result "1-0"]
[WhiteElo "1697"]
[BlackElo "1682"]
[Opening "Ruy Lopez: Marshall, main line, 14...Qh3"]
[ECO "C89"]
[Time "18:08:48"]
[TimeControl "2700+45"]

1. e4 e5 2. Nf3 Nc6 3. Bb5 a6 4. Ba4 Nf6 5. O-O Be7 6. Re1 b5 7. Bb3 O-O 8. c3
d5 9. exd5 Nxd5 10. Nxe5 Nxe5 11. Rxe5 c6 12. d4 Bd6 13. Re1 Qh4 14. g3 Qh3 15.
Re4 h6 16. Rh4 Qe6 17. Nd2 g5 18. Re4 Qg6 19. Bxd5 cxd5 20. Re1 Bd7 21. Qf3 Rae8
22. Qd1 Rxe1+ 23. Qxe1 Re8 24. Qf1 Qc2 25. Nb3 b4 26. Bd2 Bb5 27. Qb1 Qxb1+ 28.
Rxb1 bxc3 29. Bxc3 f5 30. Nc5 f4 31. Re1 Rxe1+ 32. Bxe1 f3 33. a4 Be2 34. Bb4
Bf8 35. g4 Kf7 36. Bc3 Bg7 37. a5 Kg6 38. Ne6 Bf6 39. Nc7 Bc4 40. b3 Bxb3 41.
Nxa6 Bd8 42. Nc5 Bc4 43. Ne6 Be7 44. Nc7 Bd6 45. a6 Bxa6 46. Nxa6 h5 47. gxh5+
Kxh5 48. Nb4 Bxb4 49. Bxb4 g4 50. Bd6 Kg5 51. Kf1 Kf5 52. Ke1 Ke4 53. Be5 Kd3
54. Kd1 Kc3 55. Kc1 Kd3 56. Kd1 Kc3 57. Ke1 Kd3 58. Kf1 Ke4 59. Kg1 Kf5 60. h3
gxh3 61. Kh2 Ke4 62. Kxh3 Kf5 63. Kg3 Ke4 64. Bg7 Kf5 65. Kxf3 Kg6 66. Kf4 Kxg7
67. Ke5 Kf7 68. Kxd5 Ke7 69. Kc6 Kd8 70. f4 Kc8 71. f5 Kd8 72. d5 {Black
resigns} 1-0

[Event "Team 45 45 League T59"]
[Site "Internet Chess Club"]
[Date "2013.12.13"]
[Round "4"]
[White "chessfreak2001"]
[Black "Goldenberg"]
[Result "0-1"]
[WhiteElo "1665"]
[BlackElo "1914"]
[Opening "Sicilian: accelerated fianchetto, modern variation"]
[ECO "B34"]
[Time "22:00:49"]
[TimeControl "2700+45"]

1. e4 c5 2. Nf3 g6 3. d4 cxd4 4. Nxd4 Nc6 5. Nc3 Bg7 6. Be3 Nf6 7. Nb3 O-O 8. f3
d5 9. Qd2 dxe4 10. fxe4 Qxd2+ 11. Bxd2 Rd8 12. O-O-O Ng4 13. Be1 Rxd1+ 14. Nxd1
Be6 15. h3 Nge5 16. Bg3 Rd8 17. Nc5 Bh6+ {White resigns} 0-1

[Event "Team 45 45 League T59"]
[Site "Internet Chess Club"]
[Date "2013.12.15"]
[Round "4"]
[White "zigzag2002"]
[Black "hood"]
[Result "1-0"]
[WhiteElo "2051"]
[BlackElo "1821"]
[Opening "Giuoco Piano"]
[ECO "C54"]
[Time "22:36:38"]
[TimeControl "2700+45"]

1. e4 e5 2. Nf3 Nc6 3. Bc4 Bc5 4. c3 Nf6 5. d4 exd4 6. cxd4 Bb4+ 7. Nc3 Nxe4 8.
O-O Bxc3 9. bxc3 d5 10. Qc2 O-O 11. Bd3 Bf5 12. Nd2 Nxd2 13. Bxd2 Bxd3 14. Qxd3
Re8 15. Rfe1 Qd6 16. Rab1 Rab8 17. Qg3 Rxe1+ 18. Rxe1 Ne7 19. Qxd6 cxd6 20. Rxe7
Kf8 21. Rd7 Re8 22. Be3 Rc8 23. Bd2 Re8 24. Kf1 b5 25. Rxd6 a5 26. Rxd5 Rb8 27.
Bf4 Rc8 28. Bd6+ Ke8 29. Rc5 Rb8 30. Bxb8 {Black resigns} 1-0

[Event "Team 45 45 League T59"]
[Site "Internet Chess Club"]
[Date "2013.12.21"]
[Round "4"]
[White "DouDou"]
[Black "ausya"]
[Result "1-0"]
[WhiteElo "1873"]
[BlackElo "1753"]
[Opening "Sicilian: dragon, Yugoslav attack, 9.Bc4"]
[ECO "B77"]
[Time "11:30:14"]
[TimeControl "2700+45"]

1. e4 c5 2. Nf3 g6 3. d4 cxd4 4. Nxd4 Nc6 5. Nc3 Bg7 6. Be3 Nf6 7. f3 O-O 8. Qd2
d6 9. Bc4 Nd7 10. O-O-O Nce5 11. Be2 Nb6 12. Nd5 Nxd5 13. exd5 Nd7 14. Bh6 Nf6
15. Bxg7 Kxg7 16. Nb5 Bd7 17. Nc3 a6 18. Kb1 b5 19. Ne4 Rc8 20. Nxf6 exf6 21. g4
Rh8 22. h4 h5 23. gxh5 Rxh5 24. f4 Rh7 25. h5 Bf5 26. Rc1 Be4 27. Rhg1 Rc5 28.
Qd4 Bf5 29. hxg6 fxg6 30. Bg4 Bxg4 31. Rxg4 Rh5 32. Rcg1 Qe8 33. Qd3 Rh6 34. f5
g5 35. Re4 Qf7 36. Re6 Qd7 37. Rge1 Rc7 38. Qg3 Rh8 39. c3 Qf7 40. Qxd6 Rd7 41.
Qa3 Rxd5 42. Re7 Rxf5 43. Rxf7+ Kxf7 44. Qe7+ Kg6 45. Qe4 g4 46. Qxg4+ Rg5 47.
Qe4+ {Black resigns} 1-0

[Event "Team 45 45 League T59"]
[Site "Internet Chess Club"]
[Date "2013.12.12"]
[Round "4"]
[White "vjbaker"]
[Black "joebobpop"]
[Result "1-0"]
[WhiteElo "1730"]
[BlackElo "1778"]
[Opening "Ruy Lopez: exchange, Gligoric variation"]
[ECO "C69"]
[Time "20:04:09"]
[TimeControl "2700+45"]

1. e4 e5 2. Nf3 Nc6 3. Bb5 a6 4. Bxc6 dxc6 5. O-O f6 6. d4 exd4 7. Nxd4 c5 8.
Nf5 Bxf5 9. exf5 Bd6 10. Re1+ Ne7 11. Qh5+ Kd7 12. Qf3 Kc8 13. Nc3 Qd7 14. Re6
Be5 15. Be3 Bd6 16. Rd1 Nc6 17. Bxc5 Ne5 18. Qe2 Nf7 19. Bxd6 Nxd6 20. Nd5 Rd8
21. Re7 Qxf5 22. Nxc7 Ra7 23. Rd5 Qf4 24. Ne6 Qc1+ 25. Rd1 Qxb2 26. Nxd8 Kxd8
27. Rxd6+ Kc8 28. Qc4+ Kb8 29. Re8# {Black checkmated} 1-0

[Event "Team 45 45 League T59"]
[Site "Internet Chess Club"]
[Date "2013.12.16"]
[Round "4"]
[White "Cryptochess"]
[Black "sonoftill"]
[Result "1-0"]
[WhiteElo "2130"]
[BlackElo "2110"]
[Opening "Sicilian: Smith-Morra gambit"]
[ECO "B21"]
[Time "15:09:33"]
[TimeControl "2700+45"]

1. e4 c5 2. d4 cxd4 3. c3 dxc3 4. Nxc3 Nc6 5. Nf3 e6 6. Bc4 a6 7. O-O Nge7 8.
Bg5 f6 9. Be3 b5 10. Bb3 Bb7 11. Nd5 exd5 12. exd5 Na5 13. d6 Nxb3 14. Re1 Na5
15. Bc5 Nc6 16. Nd4 Ne5 17. f4 g6 18. fxe5 f5 19. e6 Be4 20. Rxe4 fxe4 21. Qf1
dxe6 22. Nxe6 Qc8 23. Nc7+ Kd7 24. Qf6 {Black resigns} 1-0

[Event "Team 45 45 League T59"]
[Site "Internet Chess Club"]
[Date "2013.12.13"]
[Round "4"]
[White "SlimeDog2"]
[Black "The7thGuest"]
[Result "1-0"]
[WhiteElo "2009"]
[BlackElo "1906"]
[Opening "QGD: Lasker defense"]
[ECO "D56"]
[Time "03:00:14"]
[TimeControl "2700+45"]

1. Nf3 Nf6 2. c4 e6 3. Nc3 d5 4. d4 Be7 5. Bg5 h6 6. Bh4 O-O 7. e3 Ne4 8. Bxe7
Qxe7 9. Rc1 Nxc3 10. Rxc3 c6 11. g4 dxc4 12. Bxc4 Nd7 13. h4 e5 14. g5 e4 15.
Nd2 Nb6 16. Qh5 Nxc4 17. Nxc4 g6 18. Qxh6 Bg4 19. h5 Bxh5 20. Ne5 f6 21. Nxg6
Bxg6 22. Qxg6+ Qg7 23. Qxe4 fxg5 24. Rc5 Rae8 25. Qg4 {Black resigns} 1-0

[Event "Team 45 45 League T59"]
[Site "Internet Chess Club"]
[Date "2013.12.13"]
[Round "4"]
[White "Babaliyev"]
[Black "CKNIGHT3"]
[Result "0-1"]
[WhiteElo "1985"]
[BlackElo "1891"]
[Opening "QGD semi-Slav: Meran variation"]
[ECO "D47"]
[Time "22:00:43"]
[TimeControl "2700+45"]

1. d4 d5 2. c4 c6 3. Nc3 Nf6 4. Nf3 e6 5. e3 Nbd7 6. Bd3 dxc4 7. Bxc4 b5 8. Bb3
a6 9. O-O Bb7 10. Qe2 Be7 11. Rd1 O-O 12. e4 Re8 13. e5 Nd5 14. Ne4 c5 15. Nfg5
h6 16. Nxf7 Kxf7 17. Qh5+ g6 18. Qf3+ Kg7 19. Qh3 h5 20. Qxe6 c4 21. Bc2 Nf8 22.
Qh3 Nb4 23. Bb1 Nd5 24. Ng3 h4 25. Nf5+ Kh8 26. Nh6 Qc8 27. Qf3 Qe6 28. Nf7+ Kg8
29. Nh6+ Kg7 30. Nf5+ gxf5 31. Bxf5 Ne3 32. Qxe3 Qxf5 33. d5 Rad8 34. d6 Kg8 35.
Rd4 Bxd6 36. Rxh4 Bxe5 37. Qg5+ Ng6 38. Be3 Qxg5 39. Bxg5 Nxh4 40. Bxh4 Rd2 41.
Bg5 Rxb2 42. Rd1 Rxa2 43. h4 b4 44. f4 Bd4+ 45. Rxd4 Re1+ 46. Kh2 Rxg2+ 47. Kh3
Rh1# {White checkmated} 0-1

[Event "Team 45 45 League T59"]
[Site "Internet Chess Club"]
[Date "2013.12.13"]
[Round "4"]
[White "Portola"]
[Black "byebyebadman"]
[Result "1/2-1/2"]
[WhiteElo "1794"]
[BlackElo "1820"]
[Opening "Queen's pawn: London system"]
[ECO "A45"]
[Time "14:07:52"]
[TimeControl "2700+45"]

1. d4 Nf6 2. Bf4 c5 3. c3 Qb6 4. Qb3 Qxb3 5. axb3 cxd4 6. Bxb8 Rxb8 7. Rxa7 dxc3
8. bxc3 d5 9. e3 Bf5 10. Bb5+ Kd8 11. Nd2 Kc7 12. Ra2 e6 13. Ngf3 Kb6 14. Be2 h6
15. Ne5 Bg6 16. Nxg6 fxg6 17. O-O Bd6 18. Rfa1 Be5 19. Rc1 Rhc8 20. Rac2 Rc6 21.
Bd3 g5 22. Nf3 Nd7 23. Nd4 Bxd4 24. cxd4 Rbc8 25. Rxc6+ Rxc6 {Game drawn by
mutual agreement} 1/2-1/2

[Event "Team 45 45 League T59"]
[Site "Internet Chess Club"]
[Date "2013.12.16"]
[Round "4"]
[White "kyoroogi"]
[Black "f5"]
[Result "1/2-1/2"]
[WhiteElo "2163"]
[BlackElo "2154"]
[Opening "Sicilian: Sveshnikov variation"]
[ECO "B33"]
[Time "17:01:28"]
[TimeControl "2700+45"]

1. e4 c5 2. Nf3 Nc6 3. d4 cxd4 4. Nxd4 Nf6 5. Nc3 e5 6. Ndb5 d6 7. Bg5 a6 8. Na3
b5 9. Bxf6 gxf6 10. Nd5 f5 11. c3 Bg7 12. Bd3 Be6 13. Nxb5 Bxd5 14. exd5 Ne7 15.
Na3 O-O 16. O-O e4 17. Bc2 Ng6 18. Qh5 Qf6 19. f4 Ne7 20. Rad1 Rfc8 21. Bb3 a5
22. Qg5 Rc5 23. Rf2 a4 24. Bc4 Rac8 25. Qxf6 Bxf6 26. Ba6 Rb8 27. Bc4 Rbc8 28.
Ba6 {Game drawn by mutual agreement} 1/2-1/2

[Event "Team 45 45 League T59"]
[Site "Internet Chess Club"]
[Date "2013.12.22"]
[Round "4"]
[White "koni"]
[Black "Otelo"]
[Result "0-1"]
[WhiteElo "1907"]
[BlackElo "1849"]
[Opening "Réti: King's Indian attack"]
[ECO "A05"]
[Time "12:00:48"]
[TimeControl "2700+45"]

1. Nf3 Nf6 2. g3 g6 3. Bg2 Bg7 4. O-O O-O 5. d3 d5 6. Nbd2 c6 7. e4 e6 8. Re1
Na6 9. e5 Nd7 10. Nf1 h6 11. h4 Nc7 12. Bh3 b5 13. N1h2 c5 14. Bf4 Bb7 15. Qd2
h5 16. Bg5 Qc8 17. g4 d4 18. gxh5 gxh5 19. Bh6 Ne8 20. Qg5 Kh7 21. Bf5+ exf5 22.
Qxf5+ Kxh6 23. Qg5+ Kh7 24. Qxh5+ Bh6 25. Ng5+ Kg7 26. Ng4 Qc6 27. Ne6+ Qxe6 28.
Nf6 Nexf6 29. exf6+ Qxf6 30. Kh2 Qxf2+ {White resigns} 0-1

[Event "Team 45 45 League T59"]
[Site "Internet Chess Club"]
[Date "2013.12.12"]
[Round "4"]
[White "alexping"]
[Black "poni"]
[Result "0-1"]
[WhiteElo "1855"]
[BlackElo "1886"]
[Opening "Old Indian defense"]
[ECO "A42"]
[Time "11:16:11"]
[TimeControl "2700+45"]

1. d4 d6 2. c4 e5 3. dxe5 dxe5 4. Qxd8+ Kxd8 5. Nf3 f6 6. Nc3 Be6 7. e4 c6 8.
Be3 Nd7 9. O-O-O Kc7 10. a3 a5 11. Na4 Ne7 12. Be2 Ng6 13. Rhe1 Be7 14. Nd2 Nf4
15. Bf1 Bf7 16. g3 Ne6 17. f4 Nec5 18. Nxc5 Bxc5 19. Bxc5 Nxc5 20. Re3 a4 21.
Be2 Rhe8 22. Re1 Rad8 23. Bf1 Ne6 24. fxe5 fxe5 25. Nb1 Nc5 26. Nc3 Nb3+ 27. Kb1
Nd2+ 28. Kc1 Nxf1 29. Rxf1 Bxc4 30. Rf5 Bb3 31. Re1 Rd4 32. Rf2 Red8 33. Rf5 Rd2
34. Rxe5 Rc2+ 35. Kb1 Rxh2 36. Rc1 Rdd2 37. Ra5 Rxb2+ 38. Ka1 Rbc2 39. Rxc2 Rxc2
40. Nxa4 Bxa4 41. Rxa4 Rg2 42. e5 Rxg3 43. Kb2 Re3 44. Rh4 Rxe5 45. Rxh7 Rg5 46.
Kb3 Rg4 47. Kc3 Kb6 48. Kb3 c5 49. Rh8 Kb5 50. Rb8 b6 51. Kc3 Rg3+ 52. Kb2 g5
53. Re8 g4 54. Rb8 Rf3 55. Rg8 g3 56. Rg4 Rf2+ 57. Kb3 g2 58. Rg8 c4+ 59. Kc3
Rf3+ 60. Kb2 Rf2+ 61. Kc3 Ra2 62. Rg5+ Ka4 63. Kxc4 b5+ 64. Kc5 Rc2+ 65. Kb6
Kxa3 66. Kxb5 Kb2 67. Kb4 Kc1 68. Kb3 Kd1 69. Rg8 Rd2 70. Kc3 Ke1 71. Rg7 Re2
72. Kd3 Kf1 73. Rf7+ Rf2 74. Ra7 g1=Q {White resigns} 0-1

[Event "Team 45 45 League T59"]
[Site "Internet Chess Club"]
[Date "2013.12.15"]
[Round "4"]
[White "nurmi"]
[Black "rubo"]
[Result "1/2-1/2"]
[WhiteElo "2002"]
[BlackElo "1655"]
[Opening "Caro-Kann: Panov-Botvinnik attack"]
[ECO "B13"]
[Time "18:00:57"]
[TimeControl "2700+45"]

1. e4 c6 2. d4 d5 3. exd5 cxd5 4. c4 Nf6 5. Nc3 Nc6 6. Nf3 Bg4 7. cxd5 Bxf3 8.
Qxf3 Nxd4 9. Qd3 e5 10. Be3 Bc5 11. Rc1 Rc8 12. Qc4 O-O 13. Bd3 Ba3 14. Qa4 Bxb2
15. Kd2 Bxc1+ 16. Rxc1 Qb6 17. Qa3 Qc5 18. Qb2 Nxd5 19. Nxd5 Qxd5 20. f3 Qa5+
21. Kd1 Rxc1+ 22. Bxc1 Rc8 23. Bd2 Qa4+ 24. Ke1 Nc2+ 25. Ke2 Nd4+ 26. Ke1 Nc2+
27. Ke2 Nd4+ 28. Ke1 {Game drawn by repetition} 1/2-1/2

[Event "Team 45 45 League T59"]
[Site "Internet Chess Club"]
[Date "2013.12.12"]
[Round "4"]
[White "MisterDoob"]
[Black "yummy2"]
[Result "1/2-1/2"]
[WhiteElo "2319"]
[BlackElo "2353"]
[Opening "QGD Slav defense"]
[ECO "D10"]
[Time "22:11:43"]
[TimeControl "2700+45"]

1. d4 d5 2. c4 c6 3. g4 Bxg4 4. h3 Bc8 5. cxd5 cxd5 6. Nc3 Nf6 7. Bg2 e6 8. Bf4
a6 9. Nf3 Nc6 10. Ne5 Nxe5 11. dxe5 Nd7 12. Qd2 Nb6 13. e4 d4 14. O-O-O Bc5 15.
Ne2 d3 16. f3 Bd7 17. Qxd3 Qe7 18. Kb1 Bb5 19. Qc2 Rc8 20. Nc3 Bb4 21. Qf2 Bxc3
22. Qxb6 Bxb2 23. Kxb2 Qb4+ 24. Ka1 Qc3+ 25. Kb1 Qc2+ 26. Ka1 Qc3+ 27. Kb1 Qc2+
28. Ka1 {Game drawn by mutual agreement} 1/2-1/2

[Event "Team 45 45 League T59"]
[Site "Internet Chess Club"]
[Date "2013.12.15"]
[Round "4"]
[White "NFork"]
[Black "Matusalen"]
[Result "1/2-1/2"]
[WhiteElo "2223"]
[BlackElo "2193"]
[Opening "Sicilian defense"]
[ECO "B40"]
[Time "16:19:33"]
[TimeControl "2700+45"]

1. e4 c5 2. Nf3 e6 3. c3 Nf6 4. e5 Nd5 5. d4 cxd4 6. cxd4 d6 7. Bc4 Nc6 8. O-O
Be7 9. Re1 dxe5 10. Nxe5 O-O 11. Nxc6 bxc6 12. Nc3 a5 13. Qe2 Bf6 14. Rd1 a4 15.
Ne4 Be7 16. a3 Qb6 17. Qc2 h6 18. Rd3 Rd8 19. Rb1 Bb7 20. b4 Ba6 21. Bxa6 Qxa6
22. Rg3 Kh8 23. Rh3 Kg8 24. Bxh6 gxh6 25. Rxh6 Qb7 26. Nc5 Bxc5 27. bxc5 Qc7 28.
Qh7+ Kf8 29. Re1 Qf4 30. Qh8+ Ke7 31. Rexe6+ Kd7 32. Rd6+ Ke7 33. Qe5+ Qxe5 34.
dxe5 Rxd6 35. exd6+ Kd7 36. g3 Ra5 37. Rh7 {Game drawn by mutual agreement}
1/2-1/2

[Event "Team 45 45 League T59"]
[Site "Internet Chess Club"]
[Date "2013.12.13"]
[Round "4"]
[White "Ptzz"]
[Black "f5"]
[Result "1/2-1/2"]
[WhiteElo "2099"]
[BlackElo "2153"]
[Opening "English: Anglo-Dutch defense"]
[ECO "A10"]
[Time "14:30:13"]
[TimeControl "2700+45"]

1. c4 f5 2. g3 Nf6 3. Bg2 e5 4. Nc3 d6 5. d4 Be7 6. e3 c6 7. Nge2 O-O 8. b3 Na6
9. O-O Nc7 10. Ba3 e4 11. d5 c5 12. Bb2 Qe8 13. f3 exf3 14. Bxf3 Rb8 15. e4 fxe4
16. Nxe4 Bh3 17. Re1 Nxe4 18. Bxe4 Qh5 19. Nf4 Qxd1 20. Raxd1 Bg4 21. Rd3 Bf6
22. Bxf6 Rxf6 23. h3 Bd7 24. a4 Re8 25. Rde3 Rff8 26. Kg2 g6 27. Nd3 b6 28. Nf2
Re7 29. Bf3 Rxe3 30. Rxe3 Kg7 31. Ne4 Ne8 32. Ng5 Nf6 33. Re7+ Kg8 34. Ne4 Nxe4
35. Rxd7 Nd2 36. Bg4 Nf1 37. Be6+ Kh8 38. h4 h5 39. Rf7 Ne3+ 40. Kf3 Rxf7+ 41.
Bxf7 Ng4 42. Kf4 Kg7 43. Be6 Ne5 44. g4 Kf6 45. g5+ Ke7 46. Ke4 a6 47. Bc8 a5
48. Be6 Ke8 49. Ke3 Kf8 50. Ke4 Ke7 {Game drawn by mutual agreement} 1/2-1/2

[Event "Team 45 45 League T59"]
[Site "Internet Chess Club"]
[Date "2013.12.16"]
[Round "4"]
[White "CuatroPrincesas"]
[Black "perikitosax"]
[Result "1-0"]
[WhiteElo "2173"]
[BlackElo "1982"]
[Opening "Sicilian, Szén (`anti-Taimanov') variation"]
[ECO "B44"]
[Time "15:33:32"]
[TimeControl "2700+45"]

1. e4 c5 2. Nf3 e6 3. d4 cxd4 4. Nxd4 Nc6 5. Nb5 d6 6. c4 Nf6 7. N1c3 a6 8. Na3
b6 9. Be2 Bb7 10. O-O Nb8 11. f3 Nbd7 12. Be3 Be7 13. Qd2 Qc7 14. Rfd1 Rc8 15.
Rac1 O-O 16. Bf1 Rfe8 17. Kh1 Qb8 18. Bg1 Qa8 19. Nc2 Bc6 20. a3 Qb8 21. b4 Bb7
22. Ne3 Red8 23. Re1 Ne8 24. Ned1 Ba8 25. Nb2 Qb7 26. Nba4 Bf6 27. Qe3 Rb8 28.
f4 Rdc8 29. Red1 Qc7 30. Qd2 Rd8 31. Bd4 Be7 32. Qf2 Bc6 33. Nd5 Bxd5 34. cxd5
Qb7 35. dxe6 fxe6 36. f5 e5 37. Bc4+ Kh8 38. Bd5 Qa7 39. Be3 Nef6 40. Rc6 Nxd5
41. exd5 Rdc8 42. Rdc1 Qb7 43. Qc2 Rd8 44. Bxb6 Nxb6 45. Nxb6 Bg5 46. Rd1 Qf7
47. Nc4 Qf6 48. Qe4 Ra8 49. g3 h5 50. h4 Bh6 51. Kg2 Ra7 52. Rd3 Kh7 53. Rd1 Kh8
54. Re1 Rf7 55. Rxa6 g6 56. Qf3 gxf5 57. Rxe5 dxe5 58. Rxf6 Rxf6 59. Nxe5 f4 60.
Qxh5 Rdd6 {Black resigns} 1-0

[Event "Team 45 45 League T59"]
[Site "Internet Chess Club"]
[Date "2013.12.11"]
[Round "4"]
[White "gump12345"]
[Black "Barrett-CCSCSL"]
[Result "1/2-1/2"]
[WhiteElo "2102"]
[BlackElo "2113"]
[Opening "Caro-Kann: Tartakower (fantasy) variation"]
[ECO "B12"]
[Time "22:01:53"]
[TimeControl "2700+45"]

1. e4 c6 2. d4 d5 3. f3 e6 4. Nc3 Be7 5. Be3 b5 6. Qd2 Nf6 7. e5 Nfd7 8. f4 O-O
9. Nf3 Ba6 10. Bd3 b4 11. Ne2 Bxd3 12. Qxd3 a5 13. f5 Na6 14. Nf4 Nc7 15. O-O c5
16. dxc5 Nxc5 17. Bxc5 Bxc5+ 18. Kh1 Qe7 19. Rae1 exf5 20. Qxf5 g6 21. Qg4 Rad8
22. Nh5 Ne8 23. Ng5 f5 24. exf6 Nxf6 25. Nxf6+ Rxf6 26. Qh4 Rdf8 27. Rxf6 Rxf6
28. g4 Qb7 29. Re8+ Rf8 30. Rxf8+ Bxf8 31. Qf2 Bg7 32. b3 Qe7 33. Nf3 Qe4 34. h3
Bc3 35. Kg2 d4 36. Kf1 d3 37. cxd3 Qxd3+ 38. Qe2 Qd5 39. Kg2 Qc6 40. Qd3 Kg7 41.
Kf2 Qc5+ 42. Kg2 Qc6 43. Qd8 a4 44. Qe7+ Kg8 45. bxa4 Qxa4 46. Qe6+ Kg7 47. Qe7+
Kg8 48. Qe6+ Kg7 49. Kg3 Qd1 50. Qe7+ Kg8 51. Qe8+ Kg7 52. Qe6 Qd8 53. g5 Qd1
54. Qe7+ Kg8 55. Qe8+ Kg7 56. Qe6 Qd8 57. h4 Qd1 58. Qe7+ Kg8 59. Qe8+ Kg7 60.
Qe6 Qd8 61. Qc6 Qd1 62. Qe6 Qd8 63. Kg4 Qd1 64. Qe7+ Kg8 65. Qe6+ Kg7 66. Kf4
Bd2+ 67. Kg3 Bc3 68. Qc4 Qd8 69. Kf4 Kf8 70. Ke4 Qe7+ 71. Kd3 Qd6+ 72. Ke4 Qg3
73. Qc8+ Kg7 74. Qd7+ Kg8 75. Qe6+ Kg7 76. Qe7+ Kg8 77. Qe8+ Kg7 78. Qe6 Qg2 79.
Ke3 Qf1 80. Qe7+ Kg8 81. Qe8+ Kg7 82. Qe6 Qb1 83. Qd5 Qf1 84. Qd7+ Kg8 85. Qe8+
Kg7 86. Qe7+ Kg8 87. Qe8+ Kg7 88. Qe7+ Kg8 89. Qe8+ Kg7 {Game drawn by
repetition} 1/2-1/2

[Event "Team 45 45 League T59"]
[Site "Internet Chess Club"]
[Date "2013.12.12"]
[Round "4"]
[White "TerryMalloy"]
[Black "xwang1"]
[Result "0-1"]
[WhiteElo "2003"]
[BlackElo "2149"]
[Opening "Sicilian: Kan, Maróczy bind (Réti variation)"]
[ECO "B41"]
[Time "18:19:14"]
[TimeControl "2700+45"]

1. e4 c5 2. Nf3 e6 3. d4 cxd4 4. Nxd4 a6 5. c4 Nf6 6. Nc3 Bb4 7. Bd3 Bxc3+ 8.
bxc3 d6 9. O-O e5 10. Nf3 Nc6 11. Ba3 O-O 12. Bc2 Ne8 13. Qd2 Be6 14. Rfd1 Bxc4
15. Bxd6 Nxd6 16. Qxd6 Qa5 17. Qd2 Rad8 18. Qe3 Rxd1+ 19. Bxd1 Rd8 20. Bc2 Qa3
21. Ne1 Rd7 22. Bd1 Qb2 23. Qc1 Qxc1 24. Rxc1 Bxa2 25. Be2 Rd2 26. Kf1 Kf8 27.
Rc2 Rxc2 28. Nxc2 Bb1 29. Bd1 Ke7 30. Ke2 a5 31. Kd2 Kd6 32. Kc1 Bxc2 33. Kxc2
Kc5 34. Kb3 b5 35. Be2 f6 36. Bg4 Nd8 37. Be2 Nb7 38. g3 Nd6 39. f3 a4+ 40. Ka3
Nc4+ 41. Ka2 b4 42. cxb4+ Kxb4 43. Bf1 Ne3 44. Bh3 a3 45. Kb1 Nd1 46. Be6 Nc3+
47. Kc2 g5 48. h4 Ne2 49. hxg5 fxg5 50. Bg4 Nxg3 {White resigns} 0-1

[Event "Team 45 45 League T59"]
[Site "Internet Chess Club"]
[Date "2013.12.15"]
[Round "4"]
[White "Happybear"]
[Black "jorobo"]
[Result "1-0"]
[WhiteElo "1919"]
[BlackElo "2039"]
[Opening "Giuoco Piano"]
[ECO "C50"]
[Time "18:07:50"]
[TimeControl "2700+45"]

1. e4 e5 2. Nf3 Nc6 3. Bc4 Bc5 4. O-O Nf6 5. Re1 d6 6. h3 a6 7. c3 b5 8. Bb3 Bb6
9. d4 h6 10. a4 Bb7 11. Qd3 b4 12. d5 Na5 13. cxb4 Nxb3 14. Qxb3 O-O 15. a5 Ba7
16. Nc3 c6 17. Be3 Bxe3 18. Rxe3 cxd5 19. exd5 Qd7 20. Rd1 Rab8 21. Nd2 Qc7 22.
Nc4 Nd7 23. Na4 f5 24. Rc3 Nf6 25. Nxe5 Qd8 26. Nc6 Bxc6 27. dxc6+ {Black
resigns} 1-0

[Event "Team 45 45 League T59"]
[Site "Internet Chess Club"]
[Date "2013.12.15"]
[Round "4"]
[White "ben622"]
[Black "charles-allen"]
[Result "1/2-1/2"]
[WhiteElo "2021"]
[BlackElo "1895"]
[Opening "Petrov: Nimzovich attack"]
[ECO "C42"]
[Time "13:00:46"]
[TimeControl "2700+45"]

1. e4 e5 2. Nf3 Nf6 3. Nxe5 d6 4. Nf3 Nxe4 5. Nc3 Nxc3 6. dxc3 Be7 7. Be3 Nc6 8.
Qd2 Be6 9. Nd4 Nxd4 10. cxd4 d5 11. Bb5+ c6 12. Bd3 O-O 13. O-O Qd7 14. Bg5 Rfe8
15. Bxe7 Rxe7 16. f4 Bf5 17. Rae1 Bxd3 18. Qxd3 Rae8 19. Rxe7 Rxe7 20. f5 f6 21.
Qg3 Qe8 22. h3 Re3 23. Qc7 Re7 24. Qg3 Re3 25. Qc7 Re7 {Game drawn by mutual
agreement} 1/2-1/2

[Event "Team 45 45 League T59"]
[Site "Internet Chess Club"]
[Date "2013.12.15"]
[Round "4"]
[White "ARuperez"]
[Black "niceshot"]
[Result "1-0"]
[WhiteElo "2197"]
[BlackElo "2016"]
[Opening "Giuoco Piano"]
[ECO "C54"]
[Time "11:45:25"]
[TimeControl "2700+45"]

1. e4 e5 2. Nf3 Nc6 3. Bc4 Bc5 4. c3 Nf6 5. d4 exd4 6. e5 d5 7. Bb5 Ne4 8. cxd4
Bb6 9. h3 O-O 10. Bf4 f6 11. exf6 Qxf6 12. Be3 Be6 13. Nc3 Ne7 14. Bd3 Bf5 15.
Be2 c6 16. O-O Ng6 17. Nxe4 dxe4 18. Bc4+ Kh8 19. Ng5 h6 20. Qh5 Bxd4 21. Nf7+
Rxf7 22. Bxd4 Qxd4 23. Bxf7 Qf6 24. Bxg6 Bxg6 25. Qg4 Rd8 26. Rad1 Kh7 27. Rxd8
Qxd8 28. Rd1 Qf6 29. b3 Qe5 30. Qg3 Qxg3 31. fxg3 Bf5 32. Kf2 Kg6 33. Ke3 Kf6
34. g4 Be6 35. Rd8 Ke5 36. Rb8 b5 37. Ra8 c5 38. Rxa7 c4 39. Ra5 cxb3 40. Rxb5+
Kf6 {Black resigns} 1-0

[Event "Team 45 45 League T59"]
[Site "Internet Chess Club"]
[Date "2013.12.14"]
[Round "4"]
[White "Emancipator"]
[Black "primerpaso"]
[Result "0-1"]
[WhiteElo "2211"]
[BlackElo "1942"]
[Opening "Sicilian: Najdorf, Opocensky variation"]
[ECO "B92"]
[Time "20:00:46"]
[TimeControl "2700+45"]

1. e4 c5 2. Nf3 d6 3. d4 cxd4 4. Nxd4 Nf6 5. Nc3 a6 6. Be2 e5 7. Nb3 Be6 8. f4
Qc7 9. g4 exf4 10. g5 Nfd7 11. Be3 fxe3 {White resigns} 0-1

[Event "Team 45 45 League T59"]
[Site "Internet Chess Club"]
[Date "2013.12.14"]
[Round "4"]
[White "AVEMARIA"]
[Black "Baseta"]
[Result "0-1"]
[WhiteElo "1668"]
[BlackElo "1823"]
[Opening "Sicilian: Canal-Sokolsky attack, 3...Bd7"]
[ECO "B52"]
[Time "14:01:20"]
[TimeControl "2700+45"]

1. e4 c5 2. Nf3 d6 3. Bb5+ Bd7 4. Bxd7+ Qxd7 5. d4 cxd4 6. Qxd4 Nc6 7. Qa4 g6 8.
Be3 Bg7 9. c3 Nf6 10. Nbd2 O-O 11. O-O Rab8 12. Rfd1 b5 13. Qc2 Rfc8 14. Nb3 Qg4
15. e5 dxe5 16. h3 Qh5 17. Rac1 a5 18. a3 a4 19. Nc5 Na5 20. Ne4 Nc4 21. Bg5
Nxe4 22. Qxe4 Nd6 23. Qg4 Qxg4 24. hxg4 f6 25. Bh4 Rc4 26. Nh2 h5 27. f3 hxg4
28. Bf2 gxf3 29. Nxf3 Bh6 30. Rc2 Kf7 31. Re2 Ne4 32. Be3 Bxe3+ 33. Rxe3 Nd6 34.
Kf2 g5 35. Nd2 Rf4+ 36. Rf3 Rxf3+ 37. gxf3 Rd8 38. Ke2 Nc4 39. Nxc4 Rxd1 40.
Nxe5+ fxe5 41. Kxd1 Ke6 42. Kd2 e4 {White resigns} 0-1